 Dungeon Crawl Stone Soup version 0.27-a0-1557-g57f10a385c (webtiles) character file.

Game seed: 14540892680737298489

21893 duskshroud the Severer (level 12, -2/110 HPs)
             Began as a Minotaur Berserker on July 15, 2021.
             Was an Elder of Trog.
             Slain by a troll (12 damage)
             ... on level 11 of the Dungeon.
             The game lasted 00:51:42 (14322 turns).

duskshroud the Severer (Minotaur Berserker)        Turns: 14322, Time: 00:51:43

Health: -2/110     AC: 20    Str: 23    XL:     12   Next: 58%
Magic:  11/11      EV:  9    Int:  4    God:    Trog [****..]
Gold:   864        SH:  0    Dex: 14    Spells: 11/11 levels left

rFire    . . .     SeeInvis +   N - +0 battleaxe
rCold    . . .     Faith    .   (shield currently unavailable)
rNeg     . . .     Spirit   .   F - +0 plate armour
rPois    .         Reflect  .   (helmet restricted)
rElec    .         Harm     .   B - +0 cloak
rCorr    .         Rampage  .   (no gloves)
Will     +++..                  e - +2 pair of boots
Stlth    ..........             E - amulet of the acrobat
HPRegen  1.28/turn              s - ring of willpower
MPRegen  0.12/turn              l - ring of see invisible

@: strong-willed, regenerating, slowed, very slow
A: horns 2, retaliatory headbutt
a: Renounce Religion, Berserk, Trog's Hand, Brothers in Arms


You were on level 11 of the Dungeon.
You worshipped Trog.
Trog was greatly pleased with you.
You visited 2 branches of the dungeon, and saw 13 of its levels.
You also visited: Sewer.

You collected 864 gold pieces.

Inventory:

Hand Weapons
 J - the +8 great mace of Shrieking Terror {venom, rPois rC++ Int-3 Stlth+}
   (You took it off an ogre on level 8 of the Dungeon)

   It poisons the flesh of those it strikes.
   Int:       It affects your intelligence (-3).
   rC:        It greatly protects you from cold.
   rPois:     It protects you from poison.
   Stlth:     It makes you more stealthy.
 K - a +0 shortbow
 N - a +0 battleaxe (weapon)
Missiles
 j - 108 bolts
 o - 3 throwing nets (quivered)
 q - 157 arrows
 R - 5 atropa-tipped darts
Armour
 e - a +2 pair of boots (worn)
 B - a +0 cloak (worn)
 F - a +0 plate armour (worn)
Jewellery
 a - a +6 ring of strength
 b - a ring of protection from cold
 l - a ring of see invisible (right hand)
 s - a ring of willpower (left hand)
 E - an amulet of the acrobat (around neck)
 O - an amulet of magic regeneration
 P - a ring of protection from cold
 Q - a +4 ring of evasion
 S - a ring of fire
 T - a ring of ice
Wands
 y - a wand of flame (45)
 D - a wand of acid (12)
 G - a wand of polymorph (9)
 M - a wand of iceblast (19)
Scrolls
 c - 3 scrolls of fear {unknown}
 f - a scroll of magic mapping {unknown}
 g - 2 scrolls of enchant armour {unknown}
 h - 2 scrolls of enchant weapon {unknown}
 i - a scroll of summoning {unknown}
 p - a scroll of holy word {unknown}
 t - a scroll of vulnerability {unknown}
 u - 11 scrolls of identify {unknown}
 x - a scroll of blinking {unknown}
 A - a scroll of noise {unknown}
 C - 2 scrolls of teleportation {unknown}
 I - 2 scrolls of silence {unknown}
 L - a scroll of torment {unknown}
Potions
 d - a potion of attraction {unknown}
 k - 2 potions of berserk rage
 m - 3 potions of heal wounds {unknown}
 n - 5 potions of curing
 r - 3 potions of haste {unknown}
 v - 4 potions of brilliance {unknown}
 w - 3 potions of lignification {unknown}
 z - 3 potions of might {unknown}
 H - a potion of magic {unknown}


   Skills:
 + Level 11.5 Fighting
 * Level 17.6 Axes
 + Level 12.4 Armour
 - Level 4.4 Dodging


You had 11 spell levels left.
You didn't know any spells.
Your spell library was empty.

Dungeon Overview and Level Annotations

Branches:
Dungeon (12/15)            Temple (0/1) D:4            Lair (0/6) D:9
    Orc (1/2) D:11          Sewer (visited)

Altars:
The Shining One
Beogh


Innate Abilities, Weirdness & Mutations

You have a pair of horns on your head.
You reflexively headbutt those who attack you in melee.


Message History

The troll misses you. You furiously retaliate!
You headbutt the troll! The troll completely misses you. x2
The howler monkey hoots and howls with incredible vigour!
Unknown command.
The troll bites you but does no damage. The troll barely misses you.
The troll completely misses you.
The howler monkey hoots and howls with incredible vigour!
The basilisk gazes at you. You resist with almost no effort.
The troll bites you but does no damage. The troll closely misses you.
The troll misses you.
The troll misses you. x2; The troll completely misses you.
There is a stone staircase leading up here.
The troll bites you!
* * * LOW HITPOINT WARNING * * *
The troll barely misses you. The troll claws you.
* * * LOW HITPOINT WARNING * * *
You climb upwards.
There is a stone staircase leading down here.
You see here a +0 club.
You slash the troll!
The troll is moderately wounded.
The troll bites you but does no damage.
The troll claws you but does no damage. x2
You hit the troll. You headbutt the troll.
The troll is heavily wounded.
The troll barely misses you. You furiously retaliate!
You headbutt the troll, but do no damage.
The troll claws you.
* * * LOW HITPOINT WARNING * * *
The troll claws you!
* * * LOW HITPOINT WARNING * * *
Your skin crawls.
You feel strong-willed. The troll closely misses you.
The troll claws you but does no damage. The troll barely misses you.
The troll bites you but does no damage. The troll closely misses you.
The troll claws you but does no damage.
You hit the troll.
The troll is heavily wounded.
You recover from your berserk rage.
The troll bites you!
You die...

_..# #.#.........#..............
...# #.#..#.##...###########)#..
#######.#.)#.##...#...#.......#.#
........#..#.#....#...#.#######.#
##.........#.#.#..#...#.# ###.#
.............#.#..#...#.# #....
##..)......###.#..#...#.# #....
#...)####### #.#..#...#.#####....
#....#########.#@.#...#.#..).....
........<.......T.#...#.#.###....
#..........###.#.##...#.#.# #....
#..........# #.#.##...#.#.# #....
#......^...# #.#..'.....#.# #....
#..........# #.####...###)#######
#..........# #........[...##.....
#..........# ######.########.####
#..........# #.# #.#


You could see a troll.

Vanquished Creatures
  Josephine (D:11)
  Fannar (D:11)
  2 hydras
  Erolcha (D:11)
  6 two-headed ogres
  A wizard (D:9)
  Pikel (D:7)
  An elephant (D:9)
  A gargoyle (D:11)
  2 komodo dragons (D:10)
  Psyche (D:8)
  3 trolls
  A hornet (D:9)
  Prince Ribbit (D:7)
  Grinder (D:4)
  2 shadows (D:11)
  6 wraiths
  A wyvern (D:9)
  8 yaks
  A basilisk (D:9)
  3 steam dragons
  4 vampire mosquitoes (D:7)
  Menkaure (D:7)
  2 wargs
  4 water moccasins
  8 orc warriors
  A sky beast (D:7)
  3 black bears
  An ice beast (D:5)
  6 ogres
  2 centaurs
  A phantom (D:5)
  2 lemures (D:7)
  A bullfrog (D:8)
  A scorpion (D:3)
  2 water moccasin zombies
  A wyvern skeleton (D:7)
  2 wyvern zombies
  2 water moccasin skeletons
  19 killer bees
  4 wights (D:6)
  An electric eel (D:11)
  5 howler monkeys (D:12)
  7 centaur zombies
  Crazy Yiuf (D:7)
  6 orc priests
  5 hounds
  4 jellies
  2 gnoll shamans
  Jessica (D:2)
  2 bullfrog skeletons (D:5)
  2 iguanas (D:6)
  A scorpion zombie (D:5)
  5 orc wizards
  2 killer bee zombies
  A hound zombie (D:5)
  Robin (D:4)
  20 gnolls
  8 adders
  A shadow imp (D:5)
  2 white imps
  A worm (D:4)
  2 dart slugs
  38 orcs
  3 ball pythons
  10 bats
  5 endoplasms
  5 giant cockroaches
  13 goblins
  12 hobgoblins
  4 jackals (D:1)
  10 kobolds
  3 quokkas
  3 frilled lizards (D:1)
  5 rats
303 creatures vanquished.

Vanquished Creatures (collateral kills)
  A hydra (D:8)
  The ghost of pigah the Thaumaturge, a novice OpWn of Sif Muna (D:8)
  2 orc warriors (Orc:1)
  An ogre (D:8)
  An orc priest (Orc:1)
  2 orcs (Orc:1)
8 creatures vanquished.

Vanquished Creatures (others)
  A plant (D:9)
1 creature vanquished.

Grand Total: 312 creatures vanquished

Notes
Turn   | Place    | Note
-------+----------+-------------------------------------------
     0 | D:1      | duskshroud the Minotaur Berserker began the quest for the
                  | Orb.
     0 | D:1      | Reached XP level 1. HP: 19/19 MP: 0/0
   215 | D:1      | Reached skill level 4 in Axes
   254 | D:1      | Reached XP level 2. HP: 22/26 MP: 1/1
   818 | D:1      | Reached XP level 3. HP: 31/31 MP: 2/2
   826 | D:1      | Reached skill level 5 in Axes
  1189 | D:2      | Reached ** piety under Trog
  1420 | D:2      | Noticed Jessica
  1425 | D:2      | Killed Jessica
  1426 | D:2      | Reached skill level 6 in Axes
  1426 | D:2      | Reached XP level 4. HP: 39/39 MP: 3/3
  2055 | D:4      | Reached XP level 5. HP: 45/45 MP: 4/4
  2077 | D:4      | Found a glowing drain.
  2084 | D:4      | Reached skill level 7 in Axes
  2086 | D:4      | Noticed Robin
  2091 | Sewer    | Entered a sewer
  2115 | Sewer    | Noticed a water moccasin
  2132 | Sewer    | Killed a water moccasin
  2133 | Sewer    | Reached XP level 6. HP: 33/52 MP: 5/5
  2369 | D:4      | Killed Robin
  2477 | D:3      | Reached *** piety under Trog
  2478 | D:3      | Reached skill level 8 in Axes
  3231 | D:4      | Found a glowing golden altar of the Shining One.
  3347 | D:4      | Reached XP level 7. HP: 54/60 MP: 6/6
  3522 | D:4      | Noticed Grinder
  3536 | D:4      | Killed Grinder
  3537 | D:4      | Reached skill level 9 in Axes
  3848 | D:4      | Found a staircase to the Ecumenical Temple.
  3921 | D:5      | Entered Level 5 of the Dungeon
  4212 | D:5      | Reached skill level 5 in Fighting
  4212 | D:5      | Reached XP level 8. HP: 61/68 MP: 7/7
  4298 | D:5      | Reached skill level 10 in Axes
  4327 | D:5      | Reached skill level 5 in Armour
  4904 | D:5      | Reached **** piety under Trog
  5372 | D:6      | Reached skill level 11 in Axes
  5744 | D:6      | Reached XP level 9. HP: 75/75 MP: 8/8
  6143 | D:6      | Identified the +1 trident of the Scorching Seeker {flame,
                  | rPois rC+ Int+7}
  6423 | D:6      | Noticed a two-headed ogre
  6429 | D:6      | Killed a two-headed ogre
  6430 | D:6      | Reached skill level 12 in Axes
  6741 | D:7      | Noticed Prince Ribbit
  6756 | D:7      | Killed Prince Ribbit
  6867 | D:7      | Reached XP level 10. HP: 74/88 MP: 9/9
  7052 | D:7      | Noticed Pikel
  7056 | D:7      | Killed Pikel
  7326 | D:7      | Reached skill level 13 in Axes
  7556 | D:7      | Noticed a two-headed ogre
  7566 | D:7      | Killed a two-headed ogre
  7659 | D:7      | Found a runed translucent door.
  7660 | D:7      | Noticed Crazy Yiuf
  7726 | D:7      | Reached skill level 10 in Armour
  7779 | D:7      | Noticed Menkaure
  7783 | D:7      | Killed Menkaure
  8077 | D:7      | Killed Crazy Yiuf
  8282 | D:8      | Noticed Psyche
  8290 | D:8      | Killed Psyche
  8418 | D:8      | Found a transporter.
  8421 | D:8      | Identified the +8 great mace of Shrieking Terror {venom,
                  | rPois rC++ Int-3 Stlth+}
  8421 | D:8      | Noticed pigah's ghost (novice OpWn)
  9066 | D:8      | Noticed a six-headed hydra
  9070 | D:8      | Killed a six-headed hydra
  9139 | D:8      | Found a transporter.
  9145 | D:8      | Reached skill level 14 in Axes
  9145 | D:8      | Killed pigah's ghost
  9153 | D:8      | Identified the +2 barding "Otoir" {rElec Str-5 Int+3 Dex+7}
  9256 | D:9      | Reached XP level 11. HP: 55/97 MP: 10/10
  9818 | D:9      | Found a staircase to the Lair.
  9840 | D:9      | Reached skill level 10 in Fighting
 10216 | D:9      | Noticed a wizard
 10231 | D:9      | Killed a wizard
 10323 | D:10     | Entered Level 10 of the Dungeon
 10425 | D:10     | Noticed a two-headed ogre
 10441 | D:10     | Killed a two-headed ogre
 10442 | D:10     | Reached skill level 15 in Axes
 11024 | D:10     | Noticed a two-headed ogre
 11039 | D:10     | Killed a two-headed ogre
 11909 | D:11     | Noticed Fannar
 11922 | D:11     | Killed Fannar
 11979 | D:11     | Found a staircase to the Orcish Mines.
 11982 | D:11     | Noticed a two-headed ogre
 11995 | D:11     | Killed a two-headed ogre
 11996 | D:11     | Reached skill level 16 in Axes
 12299 | D:11     | Noticed a five-headed hydra
 12311 | D:11     | Killed a five-headed hydra
 12500 | D:11     | Reached XP level 12. HP: 108/108 MP: 11/11
 12563 | D:11     | HP: 4/165 [orc warrior (5)]
 13093 | D:11     | Noticed Erolcha
 13107 | D:11     | Killed Erolcha
 13719 | D:11     | Noticed Josephine
 13731 | D:11     | Killed Josephine
 13732 | D:11     | Reached skill level 17 in Axes
 14026 | Orc:1    | Entered Level 1 of the Orcish Mines
 14269 | D:12     | Noticed a four-headed hydra
 14274 | D:12     | Noticed a two-headed ogre
 14281 | D:12     | Killed a four-headed hydra
 14289 | D:12     | Killed a two-headed ogre
 14322 | D:11     | Slain by a troll

Illustrated notes

Levels and vault maps discovered:
D:1:      lightli_arrival_statue_moat, layout_rooms, serial_co_window_serial,
          co_window_corner_a, co_window_paths_b, co_window_paths_a,
          co_window_paths_a, co_window_paths_b, co_window_of_opportunity_c,
          co_window_broadway_a, co_window_corner_b, glass_columns_b
D:2:      layout_basic, minmay_splitting_lines, uniq_jessica
D:3:      layout_basic, minmay_unequal
D:4:      layout_cave_pools, overflow_temple_1_default,
          minmay_temple_entry_fiery, cheibrodos_sewer_entry_drain, uniq_robin,
          uniq_grinder
D:5:      minmay_razor_zed, layout_basic, amcnicky_mini_pool_medium
D:6:      layout_loops_ring, solitary_fountain
D:7:      layout_cave_pods, uniq_crazy_yiuf_cottage, uniq_prince_ribbit1,
          uniq_pikel, uniq_menkaure
D:8:      layout_basic, gammafunk_ghost_smash, uniq_psyche
D:9:      layout_long_grid, david_lair_generic
D:10:     layout_stronghold, ebering_dispersal_statue_hall
D:11:     layout_basic, david_orc_2, special_room [special_room_orc],
          minivault_14, minmay_misc_feat_more_columns, uniq_erolcha,
          uniq_josephine, uniq_fannar
D:12:     layout_basic, kiku_gazebo_garden_becter
Orc:1:    layout_caves, nicolae_volcano_entry_hallway, serial_shops

Skill      XL: |  1  2  3  4  5  6  7  8  9 10 11 12 |
---------------+-------------------------------------+-----
Axes           | 4 6 7 8 9 11 12 14 16 17 | 17.6
Fighting       | 4 5 6 8 9 10 11 | 11.5
Armour         | 3 4 7 9 10 11 12 | 12.4
Dodging        | 3 4 |  4.4

Action                   |  1- 3 |  4- 6 |  7- 9 | 10-12 || total
-------------------------+-------+-------+-------+-------++-------
Melee: Hand axe          |    85 |   111 |   187 |       ||   383
       Headbutt          |    11 |    17 |    59 |    98 ||   185
       War axe           |       |       |    47 |   178 ||   225
       Battleaxe         |       |       |       |   230 ||   230
       Great mace        |       |       |       |     8 ||     8
Invok: Berserk           |     1 |     3 |     6 |     9 ||    19
       Brothers in Arms  |       |       |       |     4 ||     4
       Trog's Hand       |       |       |       |     8 ||     8
 Stab: Sleeping          |     1 |       |       |       ||     1
Armor: Animal skin       |    12 |       |       |       ||    12
       Scale mail        |    19 |    41 |    46 |       ||   106
       Chain mail        |       |       |    49 |    44 ||    93
       Skin              |       |       |     1 |       ||     1
       Plate armour      |       |       |       |   236 ||   236
Dodge: Dodged            |    38 |    56 |   114 |   262 ||   470

Table legend: (Time is in decaauts)
 A = Elapsed time spent in this place.
 B = Non-inter-level travel time spent in this place.
 C = Inter-level travel time spent in this place.
 D = Time resting spent in this place.
 E = Time spent auto-exploring this place.
 F = Levels seen in this place.
 G = Mean time per level.
                   A        B        C        D        E       F      G
               +--------+--------+--------+--------+--------+-----+--------+
         Total |  14434 |  13679 |    755 |   2837 |   8170 |  14 | 1031.0 |
       Dungeon |  14156 |  13401 |    755 |   2680 |   8170 |  12 | 1179.7 |
  Orcish Mines |     12 |     12 |      0 |      0 |      0 |   1 |   12.0 |
         Sewer |    265 |    265 |      0 |    157 |      0 |   1 |  265.0 |
               +--------+--------+--------+--------+--------+-----+--------+

Top non-repeatable levels by time:
    D:11: 2440 daAuts
     D:5: 1740 daAuts
     D:7: 1383 daAuts
    D:10: 1261 daAuts
     D:9: 1201 daAuts
     D:8: 1183 daAuts
     D:6: 1153 daAuts
     D:1: 1098 daAuts
     D:3: 967 daAuts
     D:2: 958 daAuts
     D:4: 704 daAuts
   Sewer: 265 daAuts
    D:12: 63 daAuts
   Orc:1: 12 daAuts
